 Dungeon Crawl Stone Soup version 0.19.0-11-g3fc08b3 (webtiles) character file.

16 Jerry the Charmwright (level 2, 0/15 HPs)
             Began as a Vine Stalker Skald on Nov 8, 2016.
             Succumbed to an adder's poison
             ... on level 2 of the Dungeon.
             The game lasted 00:04:00 (547 turns).

Jerry the Charmwright (Vine Stalker Skald)           Turns: 547, Time: 00:04:00

Health: 0/15       AC:  4    Str: 12 (14) XL:     2   Next: 54%
Magic:  0/6        EV: 11    Int: 10 (12) God:
Gold:   48         SH:  0    Dex: 10 (13) Spells: 2 memorised, 2 levels left

rFire  . . .     SeeInvis .     a - +0 short sword
rCold  . . .     Gourm    .     b - +0 leather armour
rNeg   . . .     Faith    .     (no shield)
rPois  .         Spirit   +     f - +0 helmet (curse)
rElec  .         Reflect  .     (no cloak)
rCorr  .         Harm     .     (no gloves)
MR     .....                    (no boots)
Stlth  +.........               (no amulet)
                                (no ring)
                                (no ring)

@: lethally poisoned (0 -> -9), infused, very slightly contaminated
A: fangs 2, magic shield, antimagic bite, no device heal 3, rot immunity
a: no special abilities


You were on level 2 of the Dungeon.
You were not hungry.

You visited 1 branch of the dungeon, and saw 2 of its levels.

You collected 48 gold pieces.

Inventory:

Hand Weapons
 a - a +0 short sword (weapon)
Armour
 b - a +0 leather armour (worn)
 f - a cursed +0 helmet (worn)
Scrolls
 e - a scroll of blinking {unknown}
 h - a scroll of enchant armour {unknown}
Potions
 g - a potion of degeneration
Books
 c - a book of Battle

   Spells                             Type                      Level
   a - Infusion                       Charms                       1
   b - Shroud of Golubria             Charms/Translocation         2
   c - Song of Slaying                Charms                       2
   d - Spectral Weapon                Hexes/Charms                 3
   e - Regeneration                   Charms/Necromancy            3
Comestibles
 d - 2 bread rations


   Skills:
 - Level 2.0 Fighting
 + Level 2.1 Short Blades
 + Level 1.2 Armour
 - Level 1.0 Dodging
 - Level 2.1 Spellcasting
 + Level 3.0 Charms


You had 2 spell levels left.
You knew the following spells:

 Your Spells              Type           Power        Failure   Level  Hunger
a - Infusion              Chrm           #...         12%         1    ##.....
b - Song of Slaying       Chrm           #.......     17%         2    ###....


Dungeon Overview and Level Annotations

Branches:
Dungeon (2/15)

Altars:


Innate Abilities, Weirdness & Mutations

You have extremely sharp teeth.
When hurt, damage is shared between your health and your magic reserves.
Your bite disrupts and absorbs the magic of your enemies.
Potions and wands cannot restore your health.
You are immune to rotting.


Message History

Casting: Infusion
Confirm with . or Enter, or press ? or * to list all spells.
You miscast Infusion.
You are very lightly contaminated with residual magic.
The adder completely misses you.
Unknown command.
Casting: Infusion
Confirm with . or Enter, or press ? or * to list all spells.
You begin infusing your attacks with magical energy.
* * * LOW HITPOINT WARNING * * *
You feel sick. The adder bites you.
* * * LOW HITPOINT WARNING * * *
It was a potion of degeneration.
There was something very wrong with that liquid.
You feel weakened.
You feel dopey.
You feel clumsy. The adder bites you. The adder closely misses you.
Why would you want to do that?
You hit the adder.
The adder is severely wounded.
You die...

......................
......................
...............†......
...................... .
......................
........................
....#####.###..##.......
........?...#...#.####..
.?....S@....###.#.# ..
......#####...... .....
.#### .... .# ... . .. .
.


You could see an adder.

Vanquished Creatures
  A giant cockroach (D:1)
  3 goblins
  2 hobgoblins (D:1)
  A bat (D:1)
  3 frilled lizards
  3 kobolds
  3 rats
16 creatures vanquished.

Notes
Turn   | Place    | Note
-------+----------+-------------------------------------------
     0 | D:1      | Jerry the Vine Stalker Skald began the quest for the Orb.
     0 | D:1      | Reached XP level 1. HP: 11/11 MP: 4/4
    29 | D:1      | Reached skill level 1 in Dodging
   100 | D:1      | Reached skill level 1 in Armour
   121 | D:1      | Reached XP level 2. HP: 14/15 MP: 4/6
   130 | D:1      | Learned a level 2 spell: Song of Slaying
   468 | D:2      | Found a faded altar of an unknown god.
   547 | D:2      | Succumbed to an adder's poison

Skill      XL: |  1 |
---------------+----+-----
Dodging        | 1 |  1.0
Armour         | 1 |  1.2
Fighting       | 2 |  2.0
Short Blades   | 2 |  2.1
Spellcasting   | |  2.1
Charms         | |  3.0

Action                   || total
-------------------------++-------
Melee: Short sword       ||    55
       Bite              ||    10
 Cast: Infusion          ||     2
  Use: Potion            ||     1
 Stab: Sleeping          ||     1
Armor: Leather armour    ||     9
Dodge: Dodged            ||    32
